AoeStats
← [CL] Al3jandr0.magn00

Enclosed

506710303Analyzed
1v1 RM · 17d ago on Sep 14, 2026· 26m 6s· 2 players
Game mode
Random Map
Map size
Tiny (2 player)
Population
200
Speed
Normal
Resources
Standard
Victory
Conquest
Starting age
Dark Age
Ending age
Imperial Age
RankedLock teamsTeams togetherTeam positionsShared explorationLock speedFull tech treeHidden civsTurbo modeCheats
Victory
Defeat
🇦🇷 Japanese · Argentina
1831
+15
🇨🇴 Burgundians · Colombia
1816
-15
[GDL] Capitan Nicky
4:59 Double-Bit Axe
6:07 Loom
8:44 Feudal Age
10:45 Bow Saw
12:56 Fletching
14:31 Padded Archer Armor
23:56 Town Watch
26:08 Wheelbarrow
27:46 Castle Age
[CL] Al3jandr0.magn00
5:57 Loom
8:27 Feudal Age
8:29 Man-at-Arms
11:56 Double-Bit Axe
17:53 Fletching
17:59 Arson
18:42 Scale Mail Armor
24:47 Castle Age
23:02 Gold Mining
22:53 Horse Collar
23:59 Padded Archer Armor
25:02 Town Watch
25:52 Wheelbarrow
25:29 Bodkin Arrow
24:59 Elite Skirmisher
Connection lost

Rejoining the realm…

Still unreachable

The connection could not be restored.

Session expired

The server has moved on; the page needs a fresh start.